 Dungeon Crawl Stone Soup version 0.29.1-1-gd02db6906a (webtiles) character file.

Game seed: 15654012372133072533

37 christhawk the Chopper (level 3, 0/27 HPs)
             Began as a Demonspawn Gladiator on Sept 24, 2022.
             Killed by nerve-wracking pain
             ... invoked by Jessica
              (11 damage)
             ... on level 2 of the Dungeon.
             The game lasted 00:02:19 (1086 turns).

christhawk the Chopper (Demonspawn Gladiator)       Turns: 1086, Time: 00:02:19

Health: 0/27       AC: 10    Str: 16    XL:     3   Next: 21%
Magic:  3/3        EV:  7    Int:  9    God:
Gold:   72         SH:  0    Dex: 14    Spells: 2/2 levels left

rFire   . . .      SeeInvis .   a - +0 war axe
rCold   . . .      Faith    .   (no shield)
rNeg    . . .      Spirit   .   g - +0 chain mail
rPois   .          Reflect  .   c - +0 helmet
rElec   .          Harm     .   h - scarf {repulsion}
rCorr   .          Rampage  .   (no gloves)
Will    .....                   f - +0 pair of boots
Stlth   ..........              (no amulet)
HPRegen 0.09/turn               (no ring)
MPRegen 0.08/turn               (no ring)

@: repel missiles
A: weakness stinger 1
a: no special abilities


You were on level 2 of the Dungeon.
You visited 1 branch of the dungeon, and saw 2 of its levels.

You collected 72 gold pieces.

Inventory:

Hand Weapons
 a - a +0 war axe (weapon)
Missiles
 d - 3 throwing nets (quivered)
 e - a javelin
Armour
 c - a +0 helmet (worn)
 f - a +0 pair of boots (worn)
 g - a +0 chain mail (worn)
 h - a scarf of repulsion (worn)
Potions
 b - a potion of curing {unknown}
 i - a potion of mutation {unknown}


   Skills:
 + Level 2.2 Fighting
 + Level 3.3 Axes
 + Level 1.8 Throwing
 + Level 0.7 Armour
 + Level 3.1 Dodging


You had 2 spell levels left.
You didn't know any spells.
Your spell library contained the following spells:

 Spells                   Type           Power      Damage    Failure   Level
 Slow                     Hex            0%         N/A       100%        1
 Sublimation of Blood     Necr           0%         N/A       100%        2
 Confusing Touch          Hex            0%         N/A       100%        3
 Vampiric Draining        Necr           0%         2d6       100%        3
 Petrify                  Tmut/Erth      0%         N/A       100%        4
 Irradiate                Conj/Tmut      0%         3d11      100%        5


Dungeon Overview and Level Annotations

Branches:
Dungeon (2/15)

Altars:

Annotations:
D:2 Jessica


Innate Abilities, Weirdness & Mutations

You have a small tail.


Message History

The worm bites you but does no damage.
You hit the worm.
The worm is almost dead.
The worm bites you!
You barely miss the worm.
The worm is almost dead.
The worm bites you but does no damage.
You hit the worm.
The worm is almost dead.
The worm bites you but does no damage.
You barely miss the worm.
The worm is almost dead.
You slash the worm!
You kill the worm!
You start resting.
HP restored.
You open the door.
A worm and a kobold come into view.
The kobold shouts!
The worm moves out of view.
Jessica and a goblin come into view.
Jessica shouts!
The goblin shouts!
There is an open door here.
You barely miss the kobold. You tail-slap the kobold.
You kill the kobold!
The worm barely misses you.
Things that are here:
a +0 short sword; 5 stones You hit the worm.
The worm is moderately wounded.
The worm bites you!
You closely miss Jessica. You hit the worm.
Jessica gestures wildly while chanting.
Jessica seems to speed up.
Jessica barely misses you. The goblin hits you but does no damage.
The worm bites you.
You closely miss Jessica. You hit the worm. You barely miss the goblin.
Jessica hits you with a +0 club. The goblin hits you but does no damage.
Jessica gestures at you while chanting. Pain shoots through your body!
You die...

.... ...# ...
...#
#..#...####
##..........
#...........
#...........
#...wg......
#...@@......
######'########
+..............
##.....#.######
##.....#.#
#......#..
...#.#
#......####
..#.# #.)....#
..#.# #......#
..#.#


You could see a worm, Jessica (fast) and a goblin.

Vanquished Creatures
  A worm (D:2)
  4 dart slugs
  An orc (D:2)
  2 ball pythons (D:2)
  A giant cockroach (D:1)
  3 goblins
  5 hobgoblins
  A quokka (D:1)
  2 bats (D:1)
  A frilled lizard (D:1)
  3 kobolds
  2 rats
26 creatures vanquished.

Notes
Turn   | Place    | Note
-------+----------+-------------------------------------------
     0 | D:1      | christhawk the Demonspawn Gladiator began the quest for the
                  | Orb.
     0 | D:1      | Reached XP level 1. HP: 16/16 MP: 1/1
   211 | D:1      | Gained mutation: You have a small tail. [demonic ancestry]
   211 | D:1      | Reached XP level 2. HP: 22/22 MP: 2/2
   870 | D:2      | Reached XP level 3. HP: 27/27 MP: 3/3
  1081 | D:2      | Noticed Jessica
  1086 | D:2      | Killed from afar by Jessica

Illustrated notes

Levels and vault maps discovered:
D:1:      roderic_chinese_lattice_arrival, layout_loops_ring
D:2:      layout_basic, uniq_jessica

Skill      XL: |  1  2 |
---------------+-------+-----
Dodging        | 3 |  3.1
Axes           | 3 |  3.3
Fighting       | |  2.2
Throwing       | |  1.8
Armour         | |  0.7

Action                   || total
-------------------------++-------
Melee: War axe           ||    62
       Tailslap          ||     4
Throw: Throwing net      ||     2
  Use: Scroll            ||     2
       Potion            ||     1
 Stab: Held in net/web   ||     1
Armor: Chain mail        ||    45
Dodge: Dodged            ||    27
       Repelled          ||     2
